AoeStats
← Jupi-yoo

Arena

510390571Analyzed
2v2 RM · 1d ago on Sep 30, 2026· 35m 14s· 4 players
Game mode
Random Map
Map size
Medium (4 player)
Population
200
Speed
Normal
Resources
Standard
Victory
Conquest
Starting age
Dark Age
Ending age
Imperial Age
RankedLock teamsTeams togetherTeam positionsShared explorationLock speedFull tech treeHidden civsTurbo modeCheats
Victory
Defeat
🇳🇱 Teutons · Netherlands
684
+15
🇳🇱 Huns · Netherlands
645
+18
🇫🇷 Vietnamese · France
684
-17
🇫🇷 Japanese · France
658
-16
hasse.bie
12:14 Feudal Age
17:36 Castle Age
19:23 Horse Collar
19:31 Double-Bit Axe
21:12 Fletching
22:59 Heavy Plow
23:35 Bodkin Arrow
24:41 Pikeman
25:48 Arson
32:01 Imperial Age
29:34 Crossbowman
32:45 Forging
32:35 Scale Mail Armor
32:40 Scale Barding Armor
32:36 Padded Archer Armor
32:44 Capped Ram
pedram_gm
12:58 Feudal Age
18:26 Castle Age
19:39 Man-at-Arms
20:34 Gold Mining
22:46 Long Swordsman
30:18 Squires
Jupi-yoo
2:11 Loom
12:00 Feudal Age
15:01 Double-Bit Axe
17:09 Horse Collar
19:13 Gold Mining
19:19 Stone Mining
22:44 Castle Age
21:05 Man-at-Arms
21:32 Arson
23:05 Forging
23:02 Fletching
23:52 Squires
28:28 Iron Casting
31:11 Scale Mail Armor
31:39 Crossbowman
Mich_LDDG
0:29 Loom
12:52 Feudal Age
14:33 Double-Bit Axe
19:27 Horse Collar
19:49 Gold Mining
20:30 Stone Mining
24:23 Castle Age
23:03 Wheelbarrow
23:20 Bloodlines
25:59 Crossbowman
Connection lost

Rejoining the realm…

Still unreachable

The connection could not be restored.

Session expired

The server has moved on; the page needs a fresh start.